 Dungeon Crawl Stone Soup version 0.20.1-1-g8b1a95d (webtiles) character file.

361 tidbits the Insei (level 6, -10/46 HPs)
             Began as a Demigod Transmuter on Aug 24, 2017.
             Mangled by Prince Ribbit (15 damage)
             ... on level 5 of the Dungeon.
             The game lasted 00:16:03 (1772 turns).

tidbits the Insei (Demigod Transmuter)              Turns: 1772, Time: 00:16:03

Health: -10/46     AC:  2    Str: 13    XL:     6   Next: 15%
Magic:  4/11       EV: 19    Int: 21    God:
Gold:   174        SH:  0    Dex: 21    Spells: 3/9 levels left

rFire    . . .     SeeInvis .     - Unarmed
rCold    . . .     Gourm    .   (shield currently unavailable)
rNeg     . . .     Faith    .   (armour currently unavailable)
rPois    x         Spirit   .   (helmet currently unavailable)
rElec    .         Reflect  .   (cloak currently unavailable)
rCorr    .         Harm     .   (gloves currently unavailable)
MR       .....                  (boots currently unavailable)
Stlth    ++........             (no amulet)
Regen    0.2/turn               (no ring)
MPRegen  0.2/turn               (no ring)

@: spider-form
A: high mp 1
a: End Transformation


You were on level 5 of the Dungeon.
You were not hungry.
You were a venomous arachnid creature.
You visited 1 branch of the dungeon, and saw 5 of its levels.

You collected 174 gold pieces.

Inventory:

Missiles
 a - 35 arrows
 e - 17 poisoned needles
 j - 49 stones (quivered)
Armour
 k - a -1 robe
 o - the +2 leather armour of Anyesoaff (melded) {rF- Int+4 Dex+4}
   (You found it on level 4 of the Dungeon)

   It affects your intelligence (+4).
   It affects your dexterity (+4).
   It makes you vulnerable to fire.
 B - a +0 robe
Jewellery
 b - an uncursed ring of fire
   (You found it on level 3 of the Dungeon)
Scrolls
 f - 2 scrolls of amnesia
 h - 2 scrolls of magic mapping
 p - a scroll of noise {unknown}
Potions
 g - a potion of brilliance
 i - a potion of might {unknown}
 l - a potion of lignification
Books
 c - a book of Changes

   Spells                             Type                      Level
   a - Beastly Appendage              Transmutation                1
   b - Sticks to Snakes               Transmutation                2
   c - Spider Form                    Transmutation/Poison         3
   d - Ice Form                       Ice/Transmutation            4
   e - Blade Hands                    Transmutation                5
Comestibles
 d - 4 bread rations
 m - a chunk of flesh
 n - 2 fruits


   Skills:
 - Level 0.8 Fighting
 - Level 1.7 Dodging
 * Level 5.7 Unarmed Combat
 - Level 2.0 Spellcasting
 + Level 3.5 Transmutations


You had 3 spell levels left.
You knew the following spells:

 Your Spells              Type           Power        Failure   Level  Hunger
e - Beastly Appendage     Tmut           ###...       11%         1    #......
k - Sticks to Snakes      Tmut           ###.....     14%         2    ##.....
p - Spider Form           Tmut/Pois      #.........   43%         3    ###....


Dungeon Overview and Level Annotations

Branches:
Dungeon (5/15)
 Temple: D:4-7

Shops:
D:4 [

Annotations:
D:4 Ijyb
D:5 Prince Ribbit


Innate Abilities, Weirdness & Mutations

You have an increased reservoir of magic. (+10% MP)


Message History

You swing at nothing.
You swing at nothing.
You swing at nothing.
You swing at nothing.
You swing at nothing.
You swing at nothing.
You swing at nothing.
You swing at nothing.
You swing at nothing.
You swing at nothing.
You swing at nothing.
You swing at nothing.
You swing at nothing.
You swing at nothing.
You swing at nothing.
You swing at nothing.
You swing at nothing.
You swing at nothing.
You swing at nothing.
Wield which item (- for none, * to show all)? (? for menu, Esc to quit)
You are now empty-handed.
A hound zombie comes into view.
Found a leather armour.
Casting: Spider Form
Confirm with . or Enter, or press ? or * to list all spells.
You create a snake!
You now have 38 arrows.
What are your orders? t - Shout!
Orders for allies: a - Attack new target. r - Retreat! s - Stop attacking. g - Guard the area. f - Follow me.
Anything else - Cancel.
Gang up on whom?
Press: ? - help, Dir - move target cursor, f - hound zombie
Aim: a hound zombie (resting) Attack!
Casting: Sticks to Snakes
Confirm with . or Enter, or press ? or * to list all spells.
You turn into a venomous arachnid creature.
The +2 leather armour of Anyesoaff {rF- Int+4 Dex+4} melds into your body.
Your adder bites the hound zombie.
Your adder closely misses the hound zombie.
You hit the hound zombie.
The hound zombie is moderately damaged.
The hound zombie barely misses you.
Your adder bites the hound zombie.
You bite the hound zombie!
The hound zombie is severely damaged.
The hound zombie closely misses you.
Your adder barely misses the hound zombie.
You bite the hound zombie!
You destroy the hound zombie!
Okay, then.
Found a war axe and 9 gold pieces.
Your transformation is almost over.
You see here 9 gold pieces.
You now have 174 gold pieces (gained 9).
Your transformation has ended.
The +2 leather armour of Anyesoaff {rF- Int+4 Dex+4} unmelds from your body.
You open the door.
Some of the chunks of flesh in your inventory have rotted away.
There is an open door here.
You swap places.
Your adder withers and dies!
Found a scroll labeled SIBBUF TANITEN.
You see here a scroll labeled SIBBUF TANITEN.
p - a scroll labeled SIBBUF TANITEN As you open the door, it creaks loudly!
An ice beast comes into view.
You close the door.
You open the door.
There is an open door here.
You open the door.
There is an open door here.
Prince Ribbit comes into view.
Casting: Spider Form
Confirm with . or Enter, or press ? or * to list all spells.
You create 2 snakes!
You now have 36 arrows.
Casting: Sticks to Snakes
Confirm with . or Enter, or press ? or * to list all spells.
You create a snake!
You now have 35 arrows.
Casting: Sticks to Snakes
Confirm with . or Enter, or press ? or * to list all spells.
You turn into a venomous arachnid creature.
The +2 leather armour of Anyesoaff {rF- Int+4 Dex+4} melds into your body.
Prince Ribbit croaks.
A crimson imp opens the door.
Found a stone staircase leading down.
A hound zombie comes into view.
The crimson imp blinks!
You closely miss Prince Ribbit. Prince Ribbit hits you!
* * * LOW HITPOINT WARNING * * *
You bite Prince Ribbit!
Prince Ribbit is poisoned.
Prince Ribbit is moderately wounded.
Prince Ribbit hits you!
* * * LOW HITPOINT WARNING * * *
Your ball python barely misses Prince Ribbit.
Your ball python grabs Prince Ribbit.
Your ball python constricts Prince Ribbit.
The crimson imp barely misses you. Prince Ribbit hits you!
You die...

#..###'###
#..#.....#
#####.....# .
#.........# ..
#.........# ...
#.........# ....
#.........##+#....
#....#####SS..#
##### #Ss5.#
#.FZ.'ยง.>#
#....#...# #....#
..# #..... ##
######. .. ..


You could see Prince Ribbit, a crimson imp, a hound zombie, 2 friendly adders
and a friendly ball python.

Vanquished Creatures
  Edmund (D:5)
  A scorpion (D:4)
  A hound (D:4)
  An orc wizard (D:4)
  An iguana (D:4)
  A worker ant (D:5)
  A hound zombie (D:5)
  2 adders
  A dart slug (D:4)
  4 orcs (D:4)
  5 giant cockroaches
  2 gnoll zombies (D:4)
  9 goblins
  3 hobgoblins (D:1)
  4 jackals (D:4)
  6 kobolds
  2 quokkas
  6 bats
  2 frilled lizards
  4 rats
57 creatures vanquished.

Vanquished Creatures (collateral kills)
  An adder (D:2)
  An orc (D:4)
  A goblin (D:1)
  A hobgoblin (D:1)
  A frilled lizard (D:1)
  A kobold (D:2)
6 creatures vanquished.

Grand Total: 63 creatures vanquished

Notes
Turn   | Place    | Note
-------+----------+-------------------------------------------
     0 | D:1      | tidbits the Demigod Transmuter began the quest for the Orb.
     0 | D:1      | Reached XP level 1. HP: 15/15 MP: 5/5
   101 | D:1      | Reached skill level 2 in Transmutations
   107 | D:1      | Reached skill level 2 in Spellcasting
   317 | D:1      | Reached skill level 3 in Unarmed Combat
   317 | D:1      | Reached XP level 2. HP: 11/22 MP: 7/7
   321 | D:1      | Learned a level 2 spell: Sticks to Snakes
   601 | D:1      | Reached XP level 3. HP: 6/27 MP: 3/8
   606 | D:1      | Learned a level 3 spell: Spider Form
   970 | D:4      | Reached skill level 4 in Unarmed Combat
  1008 | D:4      | Found Jizin's Antique Armour Emporium.
  1018 | D:4      | Noticed Ijyb
  1027 | D:4      | Reached XP level 4. HP: 18/34 MP: 0/9
  1107 | D:3      | Found an iron altar of Okawaru.
  1182 | D:4      | Found a basalt altar of Yredelemnul.
  1263 | D:4      | Found a stormy altar of Qazlal.
  1406 | D:5      | Entered Level 5 of the Dungeon
  1413 | D:5      | Noticed Edmund
  1429 | D:5      | Killed Edmund
  1429 | D:5      | Reached skill level 5 in Unarmed Combat
  1429 | D:5      | Reached skill level 3 in Transmutations
  1429 | D:5      | Reached XP level 5. HP: 16/39 MP: 3/10
  1558 | D:4      | Got a jewelled leather armour
  1569 | D:4      | Identified the +2 leather armour of Anyesoaff {rF- Int+4 Dex+4} (You found it on level 4 of the Dungeon)
  1604 | D:4      | Reached XP level 6. HP: 14/46 MP: 3/11
  1614 | D:4      | HP: 4/46 [hound (4)]
  1763 | D:5      | Noticed Prince Ribbit
  1772 | D:5      | Mangled by Prince Ribbit

Skill      XL: |  1  2  3  4 |
---------------+-------------+-----
Transmutations | 2 3 |  3.5
Spellcasting   | 2 |  2.0
Unarmed Combat | 3 4 5 |  5.7
Fighting       | |  0.8
Dodging        | |  1.7

Action                   |  1- 3 |  4- 6 || total
-------------------------+-------+-------++-------
Melee: Unarmed           |    99 |    63 ||   162
       Kick              |    11 |       ||    11
       Headbutt          |     6 |       ||     6
Throw: Stone             |     1 |       ||     1
 Cast: Beastly Appendage |    22 |     1 ||    23
       Sticks to Snakes  |    10 |     8 ||    18
       Spider Form       |     3 |    15 ||    18
  Use: Potion            |     2 |       ||     2
       Scroll            |     3 |     2 ||     5
 Stab: Sleeping          |     1 |     1 ||     2
  Eat: Chunk             |     2 |     3 ||     5
       Royal jelly       |       |     1 ||     1
Armor: Robe              |    19 |     2 ||    21
       Skin              |       |     3 ||     3
       Leather armour    |       |     8 ||     8
Dodge: Dodged            |    58 |    57 ||   115

Table legend:
 A = Turns spent in this place as a percentage of turns spent in the entire game.
 B = Non-inter-level travel turns spent in this place as a percentage of non-inter-level travel turns spent in the entire game.
 C = Inter-level travel turns spent in this place as a percentage of turns spent in this place.
 D = Turns resting spent in this place as a percentage of non-inter-level travel turns spent in this place.
 E = Turns spent auto-exploring this place as a percentage of non-inter-level travel turns spent in this place.
 F = Non-inter-level travel turns spent in this place divided by the number of levels of this place that you've seen.
                   A       B       C       D       E      F
               +-------+-------+-------+-------+-------+----------------------
         Total | 100.0 | 100.0 |   0.1 |   0.0 |   0.0 | 310.8
       Dungeon | 100.0 | 100.0 |   0.1 |   0.0 |   0.0 | 310.8
               +-------+-------+-------+-------+-------+----------------------

Table legend:
 A = Kills in this place as a percentage of kills in entire the game.
 B = Kills by you in this place as a percentage of kills by you in the entire game.
 C = Kills by friends in this place as a percentage of kills by friends in the entire game.
 D = Other kills in this place as a percentage of other kills in the entire game.
 E = Experience gained in this place as a percentage of experience gained in the entire game.
 F = Experience gained in this place divided by the number of levels of this place that you have seen.
                   A       B       C       D       E      F
               +-------+-------+-------+-------+-------+----------------------
         Total | 100.0 | 100.0 | 100.0 |  -nan | 100.0 | 103.2
       Dungeon | 100.0 | 100.0 | 100.0 |  -nan | 100.0 | 103.2
               +-------+-------+-------+-------+-------+----------------------

Vault maps used:
D:1:      dpeg_arrival_boxes_within_box
D:2:      cheibrodos_helix_gallery, lemuel_crystal_altar
D:3:      kennysheep_okawaru_gauntlet, first_bread
D:4:      kennysheep_the_goblin_king, lemuel_zombie_altar_yredelemnul,
          grunt_qazlal_clouds, lemuel_crystal_altar,
          ashenzari_conservatory_becter, serial_shops, nicolae_shop_waterfront,
          minmay_guarded_unrand_vampires_tooth
D:5:      kennysheep_windowed_halls, serial_glass, glass_columns_a,
          glass_columns_b, glass_columns_a, glass_columns_a, glass_columns_c,
          glass_columns_a, basic_altar, uniq_prince_ribbit1, uniq_edmund
